UAA
IRVING BLUE SOX @ DURHAM RAPIERS
06/08/2017
 
TOP OF THE 1ST
Richland Rails batting - Pitching for Camp Springs Grenadiers : LHP Albert Lucas
Pitching: LHP Albert Lucas
Batting: LHB Todd Williams 0-0: Ball
1-0: Ball
2-0: Called Strike
2-1: SINGLE (Line Drive, 4D)
Batting: SHB Shelby Reusch 0-0: Foul Ball, location: 2F
0-1: Fielders Choice at 2nd, 5-4 (Groundball, 56)
Batting: RHB Archie Green 0-0: Ball
1-0: Ball
2-0: Called Strike
2-1: Foul Ball, location: 2F
2-2: Strikes out swinging
Batting: RHB John Ramsey 0-0: Ball
1-0: Ball
2-0: SINGLE (Line Drive, 4MD)
Shelby Reusch to second
Runner from 2nd tries for 3rd, SAFE, throw made to third
Batting: RHB Larry Brown 0-0: Ball
1-0: Ground out 5-3 (Groundball, 5S)
Top of the 1st over - 0 run(s), 2 hit(s), 0 error(s), 2 left on base; Richland 0 - Camp Springs 0
BOTTOM OF THE 1ST
Camp Springs Grenadiers batting - Pitching for Richland Rails : RHP Alex Simmons
Pitching: RHP Alex Simmons
Batting: RHB Alejandro Ibarra 0-0: Foul Ball, location: 2F
0-1: Swinging Strike
0-2: Foul Ball, location: 2F
0-2: Foul Ball, location: 2F
0-2: Ball
1-2: Ball
2-2: Ball
3-2: DOUBLE (Line Drive, 78M)
Batting: SHB Dave Orchard 0-0: Ball
1-0: Called Strike
1-1: Swinging Strike
1-2: Ball
2-2: Strikes out swinging
Batting: RHB Matías Torrella 0-0: SINGLE (Line Drive, 4D)
Alejandro Ibarra to third
Runner from 3rd tries for Home, SAFE, no throw or cutoff
Batting: RHB Paul Campbell 0-0: Ball
1-0: Ball
2-0: Ball
3-0: Base on Balls
Matías Torrella to second
Batting: LHB Randy Daugherty 0-0: Ball
1-0: Called Strike
1-1: Fly out, F7 (Flyball, 7M)
Batting: RHB Chriss Mann 0-0: Ball
1-0: Ball
2-0: Foul Ball, location: 2F
2-1: Foul Ball, location: 2F
2-2: Foul Ball, location: 2F
2-2: Strikes out looking
Bottom of the 1st over - 1 run(s), 2 hit(s), 0 error(s), 2 left on base; Richland 0 - Camp Springs 1
TOP OF THE 2ND
Richland Rails batting - Pitching for Camp Springs Grenadiers : LHP Albert Lucas
Batting: LHB Chris Stoltzfus 0-0: Ball
1-0: Foul Ball, location: 2F
1-1: Foul Ball, location: 2F
1-2: Strikes out swinging
Batting: RHB Jimmy DeWitt 0-0: Fly out, F6 (Line Drive, 6)
Batting: RHB Andrew Hall 0-0: Fly out, F9 (Flyball, 9M)
Top of the 2nd over - 0 run(s), 0 hit(s), 0 error(s), 0 left on base; Richland 0 - Camp Springs 1
BOTTOM OF THE 2ND
Camp Springs Grenadiers batting - Pitching for Richland Rails : RHP Alex Simmons
Batting: RHB Bob McNeil 0-0: Ball
1-0: Called Strike
1-1: DOUBLE (Line Drive, 89D)
Batting: LHB José Villarreal 0-0: Called Strike
0-1: Foul Ball, location: 2F
0-2: Hit by Pitch
Batting: RHB Bartolo Martínez 0-0: Ball
1-0: Ball
2-0: Ball
3-0: Base on Balls
Bob McNeil to third
José Villarreal to second
Batting: RHB Alejandro Ibarra 0-0: Foul Ball, location: 2F
0-1: Fly out, F8 (Line Drive, 8RM)
Batting: SHB Dave Orchard 0-0: Ball
1-0: Ball
2-0: Foul Ball, location: 2F
2-1: Fly out, F7 (Flyball, 7M)
Runner from 3rd tags up, SCORES, throw made
Now at C: José Herrera
Batting: RHB Matías Torrella 0-0: Ball
1-0: Ball
2-0: Ball
3-0: Base on Balls
José Villarreal to third
Bartolo Martínez to second
Batting: RHB Paul Campbell 0-0: Ball
1-0: Fly out, F7 (Popup, 7S)
Bottom of the 2nd over - 1 run(s), 1 hit(s), 0 error(s), 3 left on base; Richland 0 - Camp Springs 2
TOP OF THE 3RD
Richland Rails batting - Pitching for Camp Springs Grenadiers : LHP Albert Lucas
Batting: RHB Alexis Smeddon 0-0: Called Strike
0-1: Ball
1-1: Called Strike
1-2: Fly out, F8 (Flyball, 8LM)
Batting: LHB Todd Williams 0-0: Ball
1-0: Swinging Strike
1-1: Foul Ball, location: 2F
1-2: Foul Ball, location: 2F
1-2: Strikes out swinging
Batting: SHB Shelby Reusch 0-0: Ball
1-0: Called Strike
1-1: Foul Ball, location: 2F
1-2: Strikes out swinging
Top of the 3rd over - 0 run(s), 0 hit(s), 0 error(s), 0 left on base; Richland 0 - Camp Springs 2
BOTTOM OF THE 3RD
Camp Springs Grenadiers batting - Pitching for Richland Rails : RHP Alex Simmons
Batting: LHB Randy Daugherty 0-0: Foul Ball, location: 2F
0-1: Ball
1-1: Foul Ball, location: 2F
1-2: Ball
2-2: Ball
3-2: Base on Balls
Batting: RHB Chriss Mann 0-0: Ball
1-0: Swinging Strike
1-1: Foul Ball, location: 2F
1-2: SINGLE (Flyball, 9LS)
Randy Daugherty to second
Runner from 2nd tries for 3rd, SAFE, no throw or cutoff
Batting: RHB Bob McNeil 0-0: Ball
1-0: Ball
2-0: Ball
3-0: Base on Balls
Chriss Mann to second
Batting: LHB José Villarreal 0-0: Ball
1-0: Called Strike
1-1: SINGLE (Line Drive, 6MD)
Randy Daugherty scores
Chriss Mann to third
Bob McNeil to second
Batting: RHB Bartolo Martínez 0-0: Ball
1-0: Ball
2-0: Foul Ball, location: 2F
2-1: SINGLE (Flyball, 8LS)
Chriss Mann scores
Bob McNeil to third
José Villarreal to second
Runner from 3rd tries for Home, SAFE, throw made home
Pitching: RHP Claudio Salinas
Batting: RHB Alejandro Ibarra 0-0: Ball
1-0: Foul Ball, location: 2F
1-1: Foul Ball, location: 2F
1-2: Fly out, F7 (Flyball, 7M)
Batting: SHB Dave Orchard 0-0: Ball
1-0: Ball
2-0: SINGLE (Flyball, 8RS)
José Villarreal to third
Bartolo Martínez to second
Runner from 3rd tries for Home, SAFE, no throw or cutoff
Batting: RHB Matías Torrella 0-0: Ball
1-0: Foul Ball, location: 2F
1-1: Called Strike
1-2: Ball
2-2: Ball
3-2: Foul Ball, location: 2F
3-2: Base on Balls
Bartolo Martínez to third
Dave Orchard to second
Batting: RHB Paul Campbell 0-0: Called Strike
0-1: Ball
1-1: DOUBLE (Line Drive, 89D)
Bartolo Martínez scores
Dave Orchard scores
Matías Torrella to third
Runner from 3rd tries for Home, SAFE, no throw or cutoff
Batting: LHB Randy Daugherty 0-0: Called Strike
0-1: Called Strike
0-2: Ball
1-2: Ball
2-2: Ball
3-2: Fly out, F5 (Popup, 5F)
Batting: RHB Chriss Mann 0-0: Ball
1-0: Called Strike
1-1: Ball
2-1: Swinging Strike
2-2: Strikes out looking
Bottom of the 3rd over - 7 run(s), 5 hit(s), 0 error(s), 1 left on base; Richland 0 - Camp Springs 9
TOP OF THE 4TH
Richland Rails batting - Pitching for Camp Springs Grenadiers : LHP Albert Lucas
Batting: RHB José Herrera 0-0: Ball
1-0: Foul Ball, location: 2F
1-1: Ball
2-1: Foul Ball, location: 2F
2-2: Strikes out swinging
Batting: RHB John Ramsey 0-0: Ball
1-0: Ball
2-0: Ball
3-0: Base on Balls
Batting: RHB Larry Brown 0-0: Called Strike
0-1: Swinging Strike
0-2: Ball
1-2: Ball
2-2: Foul Ball, location: 2F
2-2: Strikes out swinging
Batting: LHB Chris Stoltzfus 0-0: Fly out, F7 (Flyball, 7M)
Top of the 4th over - 0 run(s), 0 hit(s), 0 error(s), 1 left on base; Richland 0 - Camp Springs 9
BOTTOM OF THE 4TH
Camp Springs Grenadiers batting - Pitching for Richland Rails : RHP Claudio Salinas
Batting: RHB Bob McNeil 0-0: SINGLE (Line Drive, 56D)
Batting: LHB José Villarreal 0-0: Ball
1-0: Called Strike
1-1: Called Strike
1-2: SINGLE (Line Drive, 56D)
Bob McNeil to second
Batting: RHB Bartolo Martínez 0-0: Ball
1-0: Ball
2-0: Called Strike
2-1: Ball
3-1: Called Strike
3-2: Foul Ball, location: 2F
3-2: Strikes out swinging
Batting: RHB Alejandro Ibarra 0-0: Ball
1-0: Ball
2-0: Called Strike
2-1: Called Strike
2-2: Strikes out swinging
Batting: SHB Dave Orchard 0-0: Called Strike
0-1: Ball
1-1: Called Strike
1-2: SINGLE (Line Drive, 56D)
Bob McNeil to third
José Villarreal to second
Runner from 3rd tries for Home, SAFE, no throw or cutoff
Pitching: RHP Roberto Gómez
Batting: RHB Matías Torrella 0-0: Ball
1-0: Called Strike
1-1: Fielders Choice at 2nd, U6 (Groundball, 6M)
Bottom of the 4th over - 1 run(s), 3 hit(s), 0 error(s), 2 left on base; Richland 0 - Camp Springs 10
TOP OF THE 5TH
Richland Rails batting - Pitching for Camp Springs Grenadiers : LHP Albert Lucas
Batting: RHB Jimmy DeWitt 0-0: Ball
1-0: Ball
2-0: Ball
3-0: Called Strike
3-1: Foul Ball, location: 2F
3-2: Strikes out swinging
Batting: RHB Andrew Hall 0-0: Ball
1-0: Ball
2-0: Fly out, F6 (Line Drive, 4MS)
Batting: RHB Alexis Smeddon 0-0: Ball
1-0: Ball
2-0: Foul Ball, location: 2F
2-1: Foul Ball, location: 2F
2-2: Ball
3-2: Strikes out swinging
Top of the 5th over - 0 run(s), 0 hit(s), 0 error(s), 0 left on base; Richland 0 - Camp Springs 10
BOTTOM OF THE 5TH
Camp Springs Grenadiers batting - Pitching for Richland Rails : RHP Roberto Gómez
Batting: RHB Paul Campbell 0-0: Ball
1-0: Ground out 4-3 (Groundball, 4S)
Batting: LHB Randy Daugherty 0-0: Called Strike
0-1: Ball
1-1: SOLO HOME RUN (Flyball, 9LD), Distance : 350 ft
Batting: RHB Chriss Mann 0-0: Swinging Strike
0-1: Fly out, F7 (Line Drive, 7M)
Batting: RHB Bob McNeil 0-0: Ball
1-0: Fly out, F8 (Flyball, 8RM)
Bottom of the 5th over - 1 run(s), 1 hit(s), 0 error(s), 0 left on base; Richland 0 - Camp Springs 11
TOP OF THE 6TH
Richland Rails batting - Pitching for Camp Springs Grenadiers : LHP Albert Lucas
Batting: LHB Todd Williams 0-0: Ball
1-0: Swinging Strike
1-1: Ball
2-1: Called Strike
2-2: Strikes out swinging
Batting: SHB Shelby Reusch 0-0: Foul Ball, location: 2F
0-1: Foul Ball, location: 2F
0-2: Ball
1-2: Strikes out swinging
Batting: RHB José Herrera 0-0: Ball
1-0: Fly out, F9 (Flyball, 9S)
Top of the 6th over - 0 run(s), 0 hit(s), 0 error(s), 0 left on base; Richland 0 - Camp Springs 11
BOTTOM OF THE 6TH
Camp Springs Grenadiers batting - Pitching for Richland Rails : RHP Roberto Gómez
Batting: LHB José Villarreal 0-0: Ball
1-0: Called Strike
1-1: Ball
2-1: Fly out, F8 (Line Drive, 8RM)
Batting: RHB Bartolo Martínez 0-0: Called Strike
0-1: Reached on error, E6 (Groundball, 6M)
Batting: RHB Alejandro Ibarra
Pinch Hitting: LHB Jim Unknown 0-0: Fly out, F4 (Popup, 4)
Batting: SHB Dave Orchard 0-0: Ball
1-0: Ground out 5-3 (Groundball, 15S)
Bottom of the 6th over - 0 run(s), 0 hit(s), 1 error(s), 1 left on base; Richland 0 - Camp Springs 11
TOP OF THE 7TH
Richland Rails batting - Pitching for Camp Springs Grenadiers : LHP Albert Lucas
Now at 1B: Torquato Villani
Now at 2B: Jorge Rosales
Batting: RHB John Ramsey 0-0: Ball
1-0: Ball
2-0: Swinging Strike
2-1: Foul Ball, location: 2F
2-2: Ball
3-2: Foul Ball, location: 2F
3-2: Ground out 1-3 (Groundball, 13S)
Batting: RHB Larry Brown 0-0: Ball
1-0: Called Strike
1-1: Foul Ball, location: 2F
1-2: Foul Ball, location: 2F
1-2: Ball
2-2: Ball
3-2: Foul Ball, location: 2F
3-2: Foul Ball, location: 2F
3-2: Base on Balls
Batting: LHB Chris Stoltzfus 0-0: Called Strike
0-1: Ball
1-1: Ball
2-1: Called Strike
2-2: Foul Ball, location: 2F
2-2: Ball
3-2: Base on Balls
Larry Brown to second
Batting: RHB Jimmy DeWitt 0-0: Called Strike
0-1: Called Strike
0-2: Ball
1-2: Foul Ball, location: 2F
1-2: Ball
2-2: Ball
3-2: Strikes out swinging
Pitching: RHP Henry Wheeler
Batting: RHB Andrew Hall 0-0: Ball
1-0: Foul Ball, location: 2F
1-1: Fly out, F9 (Flyball, 89D)
Top of the 7th over - 0 run(s), 0 hit(s), 0 error(s), 2 left on base; Richland 0 - Camp Springs 11
BOTTOM OF THE 7TH
Camp Springs Grenadiers batting - Pitching for Richland Rails : RHP Roberto Gómez
Pitching: RHP Rafael Flores
Batting: RHB Matías Torrella 0-0: Swinging Strike
0-1: Foul Ball, location: 2F
0-2: Foul Ball, location: 2F
0-2: Foul Ball, location: 2F
0-2: Ball
1-2: Ball
2-2: Foul Ball, location: 2F
2-2: Ground out 1-3 (Groundball, 13S)
Batting: RHB Paul Campbell 0-0: Foul Ball, location: 2F
0-1: Fly out, F9 (Flyball, 89M)
Pinch Hitting: RHB Jim Unknown 0-0: Called Strike
0-1: Called Strike
0-2: Strikes out swinging
Bottom of the 7th over - 0 run(s), 0 hit(s), 0 error(s), 0 left on base; Richland 0 - Camp Springs 11
TOP OF THE 8TH
Richland Rails batting - Pitching for Camp Springs Grenadiers : RHP Henry Wheeler
Now at 1B: Jim Unknown
Batting: RHB Alexis Smeddon 0-0: Fly out, F9 (Line Drive, 9M)
Batting: LHB Todd Williams 0-0: Foul Ball, location: 2F
0-1: Ball
1-1: Called Strike
1-2: Ball
2-2: Ball
3-2: DOUBLE (Line Drive, 7LS)
Batting: SHB Shelby Reusch 0-0: Foul Ball, location: 2F
0-1: Ball
1-1: Ball
2-1: Ball
3-1: Base on Balls
Batting: RHB José Herrera 0-0: Ball
1-0: Called Strike
1-1: Fly out, F3 (Line Drive, 3)
Batting: RHB John Ramsey 0-0: Swinging Strike
0-1: Ball
1-1: Ball
2-1: Ball
3-1: Ground out 1-3 (Groundball, 13S)
Top of the 8th over - 0 run(s), 1 hit(s), 0 error(s), 2 left on base; Richland 0 - Camp Springs 11
BOTTOM OF THE 8TH
Camp Springs Grenadiers batting - Pitching for Richland Rails : RHP Rafael Flores
Batting: RHB Chriss Mann 0-0: Ball
1-0: Ball
2-0: Ball
3-0: Base on Balls
Batting: RHB Bob McNeil 0-0: Foul Ball, location: 2F
0-1: Ball
1-1: Called Strike
Chriss Mann steals 2nd base
1-2: Fly out, F9 (Flyball, 9M)
Runner from 2nd tags up, SAFE at 3rd with throw
Batting: LHB José Villarreal 0-0: Swinging Strike
0-1: Swinging Strike
0-2: Ball
1-2: Strikes out swinging
Batting: RHB Bartolo Martínez 0-0: Called Strike
0-1: Ball
1-1: SINGLE (Line Drive, 56D)
Chriss Mann scores
Batting: RHB Jorge Rosales
Pinch Hitting: RHB Jim Unknown 0-0: Ball
1-0: Foul Ball, location: 2F
1-1: Foul Ball, location: 2F
1-2: Foul Ball, location: 2F
1-2: Foul Ball, location: 2F
1-2: Ball
2-2: Ground out 4-3 (Groundball, 34)
Bottom of the 8th over - 1 run(s), 1 hit(s), 0 error(s), 1 left on base; Richland 0 - Camp Springs 12
TOP OF THE 9TH
Richland Rails batting - Pitching for Camp Springs Grenadiers : RHP Henry Wheeler
Now at SS: Jim Unknown
Batting: RHB Larry Brown 0-0: Called Strike
0-1: Ball
1-1: Ball
2-1: Fly out, F8 (Flyball, 8RM)
Pinch Hitting: SHB Alfonso Torres 0-0: Called Strike
0-1: Called Strike
0-2: Ball
1-2: Ball
2-2: Ball
3-2: Ground out 4-3 (Groundball, 4)
Batting: RHB Jimmy DeWitt 0-0: Called Strike
0-1: Ball
1-1: Ball
2-1: Called Strike
2-2: Ground out 5-3 (Groundball, 56S)
Top of the 9th over - 0 run(s), 0 hit(s), 0 error(s), 0 left on base; Richland 0 - Camp Springs 12
This league is powered by Out of the Park Baseball, the baseball management simulation game for PC, Mac and Linux
Saturday, February 27th, 2021 - OOTP Baseball 15.6 Build 34